 Dungeon Crawl Stone Soup version 0.32-a0-899-geb5ba95c15 (webtiles) character file.

Game seed: 3216168390925418516

11508 CoinPitGoblin the Thaumaturge (level 11, -8/87 (105) HPs)
             Began as an Oni Alchemist on Mar 26, 2024.
             Was a Priest of Sif Muna.
             Killed by vampiric draining
             ... invoked by Josephine
              (22 damage)
             ... on level 10 of the Dungeon on Apr 5, 2024.
             The game lasted 00:51:51 (12969 turns).

CoinPitGoblin the Thaumaturge (Oni Alchemist)      Turns: 12969, Time: 00:51:52

HP:   -8/87 (105)   AC:  5    Str: 14    XL:     11   Next: 78%
MP:   20/27         EV: 10    Int: 20    God:    Sif Muna [***...]
Gold: 649           SH:  0    Dex:  9    Spells: 13/34 levels left

rFire   + . .        F - +3 trident (elec)
rCold   . . .        G - orb {*channel}
rNeg    . . .        q - +0 toga "Victory" {*Victory Clar}
rPois   .            l - +1 hat
rElec   .            h - +0 cloak
rCorr   +            (gloves unavailable)
SInv    .            (boots unavailable)
Will    +....        (no amulet)
Stlth   +            E - ring of protection from fire
HPRegen 0.34/turn    v - ring of resist corrosion
MPRegen 0.20/turn

%: clarity, channel magic (20%)
@: heavily drained
A: large, unfitting armour, horns 1, tough skin 1, double potion healing,
drunken brawling
a: Renounce Religion, Channel Magic, Forget Spell


You were on level 10 of the Dungeon.
You worshipped Sif Muna.
Sif Muna was most pleased with you.
You visited 3 branches of the dungeon, and saw 12 of its levels.

You collected 649 gold pieces.

Inventory:

Hand Weapons
 e - a +1 orcbow of freezing
 k - a +0 dagger of holy wrath
 p - a +1 dagger of venom
 u - a +2 dagger of draining
 B - a +3 dagger
 F - a +3 trident of electrocution (weapon)
Armour
 h - a +0 cloak (worn)
 l - a +1 hat (worn)
 q - the +0 toga "Victory" (worn) {*Victory Clar}
   (You found it on level 4 of the Dungeon)

   *Victory:  When the wearer kills a threatening monster, it has a chance to
   gain +1 AC, +1 Slay, and +1 Int, capping at +7.
   When the wearer uses a scroll or a potion with a hostile monster in sight,
   its bonuses reset to +0.
   Unequipping it also resets its bonuses to +0.
   Clar:      It protects you from confusion, rage, mesmerisation and fear.
 G - an orb of energy (worn)
Magical Staves
 J - a staff of earth
Jewellery
 g - a ring of flight
 v - a ring of resist corrosion (right hand)
 E - a ring of protection from fire (left hand)
Talismans
 a - a serpent talisman
 c - a flux talisman
 w - a maw talisman
Wands
 j - a wand of polymorph (8)
 r - a wand of roots (18)
 x - a wand of flame (45)
 y - a wand of paralysis (12)
 I - a wand of digging (4)
Scrolls
 f - 2 scrolls of amnesia
 i - 5 scrolls of enchant armour
 m - 2 scrolls of identify
 z - 2 scrolls of teleportation
 A - a scroll of poison
 K - a scroll of summoning
 L - a scroll of enchant weapon
 M - a scroll of fog
Potions
 b - 4 potions of magic
 d - a potion of curing
 o - a potion of haste
 s - 2 potions of enlightenment
 t - 2 potions of attraction
 C - 2 potions of heal wounds {unknown}
 H - 2 potions of cancellation {unknown}


   Skills:
 + Level 6.1 Fighting
 + Level 5.3 Dodging
 - Level 1.5 Stealth
 + Level 12.0 Spellcasting
 + Level 2.3 Conjurations
 + Level 7.0 Fire Magic
 + Level 9.5 Alchemy
 * Level 3.0 Invocations


You had 13 spell levels left.
You knew the following spells:

 Your Spells              Type           Power      Damage    Failure   Level
a - Sticky Flame          Fire/Alch      45%        2d9       8%          4
e - Mephitic Cloud        Conj/Alch/Air  27%        N/A       11%         3
q - Sting                 Conj/Alch      100%       1d9       3%          1
r - Olgreb's Toxic Radia  Alch           50%        N/A       5%          4
s - Fulminant Prism       Conj/Alch      17%        3d11      14%         4
w - Mercury Vapours       Alch/Air       62%        N/A       6%          2
x - Passwall              Erth           12%        N/A       36%         3

Your spell library contained the following spells:

 Spells                   Type           Power      Damage    Failure   Level
 Alistair's Intoxication  Alch           33%        N/A       11%         5
 Volatile Blastmotes      Fire/Tloc      52%        2d14      13%         3
 Apportation              Tloc           24%        N/A       16%         1
 Necrotise                Necr           48%        1d6       16%         1
 Summon Small Mammal      Summ           48%        N/A       16%         1
 Jinxbite                 Hex            24%        N/A       22%         2
 Teleport Other           Tloc           12%        N/A       36%         3
 Tukima's Dance           Hex            12%        N/A       36%         3
 Iskenderun's Mystic Bla Conj/Tloc 16%            2d5        (+2d2     56%         4
 Dimensional Bullseye     Hex/Tloc       6%         N/A       71%         4
 Bombard                  Conj/Erth      8%         9d2       100%        6
 Dispersal                Tloc           6%         N/A       100%        6


Dungeon Overview and Level Annotations

Branches:
Dungeon (10/15)            Temple (1/1) D:5            Lair (1/5) D:8
    Orc (0/2) D:9

Altars:
Ashenzari
Cheibriados
Dithmenos
Elyvilon
Gozag
Hepliaklqana
Kikubaaqudgha
Makhleb
Nemelex Xobeh
Okawaru
Qazlal
Ru
Sif Muna
Trog
Uskayaw
Vehumet
Wu Jian
Xom
Yredelemnul
Zin
The Shining One
Beogh

Shops:
D:1 [

Annotations:
D:3 3 runed translucent doors, Ijustatesigmund's ghost, amateur OpCj
D:10 Josephine


Innate Abilities, Weirdness & Mutations

You are too large for most types of armour.
You have a pair of small horns on your head.
You have tough skin. (AC +1)
You gain doubled healing and magic from potions.
Whenever you drink a healing potion, you attack all around you.


Message History

Okay, then.
You close the door.
Something unseen opens the door.
Casting: Fulminant Prism (dangerous; 14% risk of failure)
Confirm with . or Enter, or press ? or * to list all spells.
Okay, then.
Press: ? - help, v - describe, . - travel
Here: Josephine, wielding a +0 dagger and wearing a +0 robe (lightly wounded)
The floor.
Casting: Fulminant Prism (dangerous; 14% risk of failure)
Confirm with . or Enter, or press ? or * to list all spells.
Okay, then.
Casting: Fulminant Prism (dangerous; 14% risk of failure)
Confirm with . or Enter, or press ? or * to list all spells.
Aiming: Sticky Flame (dangerous; 8% risk of failure)
Press: ? - help, Shift-Dir - straight line, f - Josephine
Aim: Josephine, wielding a +0 dagger and wearing a +0 robe (lightly wounded)
The sticky flame hits Josephine!
Josephine is moderately wounded.
Josephine burns!
Josephine hits you with a +0 dagger!
Unknown command.
You barely miss Josephine.
Josephine is moderately wounded.
Josephine burns! x2; Josephine hits you with a +0 dagger.
You hit Josephine.
Josephine is severely wounded.
Josephine burns!
Josephine hits you with a +0 dagger!
* * * LOW HITPOINT WARNING * * *
The wraith hits you but does no damage.
You puncture Josephine! Your headbutt misses Josephine.
Josephine is severely wounded.
Josephine burns!
Josephine points at you and mumbles some strange words.
The ghostly flame explodes!
The ghostly fireball engulfs you!
You feel drained.
* * * LOW HITPOINT WARNING * * *
The ghostly fireball engulfs Josephine.
Josephine completely resists.
The ghostly fireball engulfs the wraith.
The wraith completely resists.
The wraith closely misses you. Josephine draws life force from you!!
You die...

# ########+##
###.........#
#.'.....<...#
##.#.........# ######
.W.#....W....# #....+
.###...W.....###@####
## #.........##@W#
#.....W./.WWW##
#.........####
########+##


You could see Josephine (burning) and 4 wraiths.

Vanquished Creatures
  A two-headed ogre (D:9)
  Amaemon (D:8)
  Maurice (D:8)
  2 elephants (D:8)
  Joseph (D:8)
  An orange demon (D:8)
  2 cane toads (Lair:1)
  Jeremiah (D:8)
  A hornet (D:7)
  3 blink frogs (Lair:1)
  2 shadows (D:9)
  A wraith (D:9)
  14 yaks
  A wyvern (D:9)
  2 steam dragons (D:8)
  Eustachio (D:6)
  2 vampire mosquitoes (D:10)
  6 water moccasins
  Duvessa (D:7)
  4 ice beasts
  2 black bears
  An orc warrior (D:8)
  3 sky beasts
  3 centaurs
  3 ogres
  A phantom (D:9)
  4 bullfrogs
  A scorpion (D:7)
  2 troll zombies (D:9)
  Dowan (D:7)
  6 killer bees (D:8)
  A howler monkey (D:8)
  2 hounds
  A jelly (D:4)
  A sleepcap (D:4)
  2 orc priests (D:9)
  A gnoll bouda (D:4)
  3 iguanas
  Ijyb (D:3)
  5 orc wizards
  4 ogre zombies (D:9)
  13 gnolls
  13 adders
  A shadow imp (D:7)
  3 white imps
  8 ufetubi
  3 dart slugs
  A ribbon worm (D:3)
  20 orcs
  7 ball pythons
  4 bats
  7 endoplasms
  3 giant cockroaches
  A gnoll zombie (D:9)
  10 goblins
  4 hobgoblins
  7 jackals
  6 kobolds
  5 frilled lizards
  4 gnoll skeletons (D:9)
  4 orc skeletons (D:9)
  10 orc zombies (D:9)
  5 rats
235 creatures vanquished.

Vanquished Creatures (others)
  A fulminant prism (D:10)
1 creature vanquished.

Grand Total: 236 creatures vanquished

Notes
Turn   | Place    | Note
-------+----------+-------------------------------------------
     0 | D:1      | CoinPitGoblin the Oni Alchemist began the quest for the
                  | Orb.
     0 | D:1      | Reached XP level 1. HP: 16/16 MP: 3/3
   366 | D:1      | Reached XP level 2. HP: 21/24 MP: 0/5
   418 | D:1      | Found Nyakochy's Armour Boutique.
   560 | D:1      | Learned a level 2 spell: Mercury Vapours
   804 | D:1      | Reached skill level 1 in Conjurations
  1190 | D:1      | Reached skill level 3 in Spellcasting
  1190 | D:1      | Reached XP level 3. HP: 30/31 MP: 3/7
  1581 | D:2      | Found a faded altar of an unknown god.
  1595 | D:2      | Reached XP level 4. HP: 23/40 MP: 1/8
  1878 | D:2      | Reached skill level 1 in Fighting
  1959 | D:2      | Learned a level 3 spell: Mephitic Cloud
  2086 | D:3      | Found a stormy altar of Qazlal.
  2168 | D:3      | Found a runed translucent gate.
  2168 | D:3      | Found a runed translucent gate.
  2170 | D:3      | Noticed Ijustatesigmund's ghost (amateur OpCj)
  2171 | D:3      | Found a runed translucent gate.
  2427 | D:3      | Noticed Ijyb
  2446 | D:3      | Killed Ijyb
  2447 | D:3      | Reached XP level 5. HP: 27/50 MP: 4/10
  2805 | D:3      | Found a roughly hewn altar of Beogh.
  3030 | D:4      | Found an iron altar of Okawaru.
  3033 | D:4      | Found a runed translucent door.
  3039 | D:4      | Noticed an ogre
  3039 | D:4      | Found the +0 toga "Victory" {*Victory Clar}
  3285 | D:4      | Learned a level 4 spell: Sticky Flame
  3570 | D:4      | Reached skill level 4 in Spellcasting
  3570 | D:4      | Reached XP level 6. HP: 51/59 MP: 3/12
  4140 | D:4      | Reached XP level 7. HP: 50/67 MP: 0/14
  4351 | D:5      | Entered Level 5 of the Dungeon
  4406 | D:5      | Reached skill level 5 in Spellcasting
  4899 | D:5      | Reached skill level 6 in Spellcasting
  4899 | D:5      | Reached skill level 5 in Alchemy
  4899 | D:5      | Reached XP level 8. HP: 48/78 MP: 8/17
  5136 | D:5      | Found a staircase to the Ecumenical Temple.
  5629 | D:5      | Learned a level 4 spell: Olgreb's Toxic Radiance
  5633 | D:5      | Learned a level 3 spell: Passwall
  5752 | Temple   | Entered the Ecumenical Temple
  5774 | Temple   | Became a worshipper of Sif Muna the Loreminder
  5997 | D:5      | Reached skill level 1 in Fire Magic
  6000 | D:5      | Reached skill level 7 in Spellcasting
  6487 | D:6      | Reached XP level 9. HP: 67/85 MP: 14/20
  6692 | D:6      | Reached skill level 8 in Spellcasting
  6986 | D:6      | Noticed Eustachio
  7006 | D:6      | Killed Eustachio
  7079 | D:6      | Reached * piety under Sif Muna
  7739 | D:7      | Noticed Duvessa
  7739 | D:7      | Noticed Dowan
  7747 | D:7      | Killed Duvessa
  7754 | D:7      | Killed Dowan
  8698 | D:7      | Noticed a hornet
  8702 | D:7      | Killed a hornet
  8703 | D:7      | Reached skill level 9 in Spellcasting
  8899 | D:8      | Noticed an elephant
  8916 | D:8      | Killed an elephant
  8917 | D:8      | Reached skill level 5 in Fighting
  8917 | D:8      | Reached XP level 10. HP: 57/96 MP: 7/23
  8923 | D:8      | Noticed Maurice
  9069 | D:8      | Something stole a +3 dagger
  9071 | D:8      | Something stole a maw talisman
  9072 | D:8      | Something stole a ring of flight
  9075 | D:8      | Something stole 439 gold
  9232 | D:8      | Noticed Jeremiah
  9234 | D:8      | Killed Maurice
  9343 | D:8      | Killed Jeremiah
  9691 | D:8      | Noticed Amaemon
  9692 | D:8      | Noticed an orange demon
  9697 | D:8      | Noticed Joseph
  9700 | D:8      | Killed Amaemon
  9701 | D:8      | Reached skill level 5 in Dodging
  9701 | D:8      | Reached skill level 10 in Spellcasting
  9705 | D:8      | HP: 3/96 [Joseph/+0 quarterstaff (8)]
  9705 | D:8      | HP: 1/96 [Joseph/+0 quarterstaff (2)]
  9708 | D:8      | Killed Joseph
  9709 | D:8      | Reached skill level 5 in Fire Magic
  9713 | D:8      | HP: 1/96 [asphyx]
  9718 | D:8      | Killed an orange demon
 10054 | D:8      | Reached ** piety under Sif Muna
 10245 | D:8      | Noticed an elephant
 10246 | D:8      | Found a staircase to the Lair.
 10252 | D:8      | Killed an elephant
 10658 | D:8      | Reached skill level 11 in Spellcasting
 10658 | D:8      | Reached XP level 11. HP: 86/104 MP: 20/26
 10920 | D:10     | Entered Level 10 of the Dungeon
 11334 | D:9      | Noticed a two-headed ogre
 11345 | D:9      | Killed a two-headed ogre
 11456 | D:9      | Found a staircase to the Orcish Mines.
 11602 | D:9      | Reached *** piety under Sif Muna
 12051 | Lair:1   | Entered Level 1 of the Lair of Beasts
 12058 | Lair:1   | Reached skill level 1 in Invocations
 12254 | Lair:1   | HP: 5/105 [cane toad (24)]
 12321 | D:9      | Upgraded the game from 0.32-a0-837-g8d3e27d251 to
                  | 0.32-a0-899-geb5ba95c15
 12566 | D:10     | Noticed Josephine
 12567 | D:10     | Reached skill level 12 in Spellcasting
 12904 | D:9      | Learned a level 4 spell: Fulminant Prism
 12969 | D:10     | Killed from afar by Josephine

Illustrated notes

Levels and vault maps discovered:
D:1:      dpeg_arrival_rooms_c, layout_loops_corners, serial_shops,
          nicolae_shop_tiny_statue_garden, serial_bayou_pond_a
D:2:      layout_basic, shapermc_ecumenical_altar_starsandcircs
D:3:      layout_rooms, nicolae_qazlal_general_emergency,
          biasface_ghost_orc_armoury, grunt_ministairs_14,
          kennysheep_big_empty_room, uniq_ijyb
D:4:      layout_loops_ring, nicolae_overflow_guarded_unrand_okawaru_victory
D:5:      layout_loops_ring, minmay_temple_entry_offerings
D:6:      layout_loops_ring, gup_sewer_entry_glass, st_stairs_4, uniq_eustachio
D:7:      layout_loops_corners, enter_bailey_8, uniq_duvessa
D:8:      layout_cave_pods, grunt_lair_entry_orc_guard_hut, uniq_joseph,
          uniq_maurice, uniq_amaemon, uniq_jeremiah
D:9:      layout_basic, zombieorc1_lemuel
D:10:     layout_roguey, fedhas_altar_2, uniq_josephine
Temple:   nicolae_temple_bog_church
Lair:1:   layout_cellular_growth, grunt_megastairs_3

Skill      XL: |  1  2  3  4  5  6  7  8  9 10 11 |
---------------+----------------------------------+-----
Dodging        | 2 3 4 5 |  5.3
Alchemy        | 3 4 5 7 8 9 |  9.5
Conjurations   | 1 2 |  2.3
Spellcasting   | 3 4 6 7 9 11 12 | 12.0
Fighting       | 2 3 4 5 6 |  6.1
Fire Magic     | 2 3 5 7 |  7.0
Invocations    | 3 |  3.0
Stealth        | |  1.5

Action                     |  1- 3 |  4- 6 |  7- 9 | 10-12 || total
---------------------------+-------+-------+-------+-------++-------
  Melee: Unarmed           |    14 |       |       |       ||    14
         Headbutt          |     3 |     3 |    10 |    31 ||    47
         Dagger            |    30 |    26 |    58 |    28 ||   142
         Trident           |       |       |       |    87 ||    87
   Cast: Sting             |    47 |   125 |   185 |    45 ||   402
         Mephitic Cloud    |       |     2 |     2 |     8 ||    12
         Sticky Flame      |       |       |    16 |    64 ||    80
         Mercury Vapours   |       |       |     1 |     4 ||     5
         Olgreb's Toxic Ra |       |       |     1 |    16 ||    17
         Passwall          |       |       |       |     1 ||     1
         Fulminant Prism   |       |       |       |     1 ||     1
    Use: Scroll            |     4 |     9 |     5 |     2 ||    20
         Potion            |       |     2 |       |     6 ||     8
   Stab: Confused          |       |       |       |     1 ||     1
         Distracted        |       |       |       |     1 ||     1
 Armour: Robe              |    55 |    40 |   177 |   231 ||   503
         Skin              |       |    27 |       |       ||    27
  Dodge: Dodged            |    32 |    41 |   108 |   100 ||   281

Table legend: (Time is in decaauts)
 A = Elapsed time spent in this place.
 B = Non-inter-level travel time spent in this place.
 C = Inter-level travel time spent in this place.
 D = Time resting spent in this place.
 E = Time spent auto-exploring this place.
 F = Levels seen in this place.
 G = Mean time per level.
                   A        B        C        D        E       F      G
               +--------+--------+--------+--------+--------+-----+--------+
         Total |  13054 |  12003 |   1051 |   1351 |   8726 |  12 | 1087.8 |
       Dungeon |  12759 |  11746 |   1013 |   1351 |   8569 |  10 | 1275.9 |
        Temple |     44 |      6 |     38 |      0 |      0 |   1 |   44.0 |
          Lair |    250 |    250 |      0 |      0 |    157 |   1 |  250.0 |
               +--------+--------+--------+--------+--------+-----+--------+

Top non-repeatable levels by time:
     D:4: 1768 daAuts
     D:9: 1730 daAuts
     D:6: 1557 daAuts
     D:8: 1556 daAuts
     D:7: 1535 daAuts
     D:1: 1441 daAuts
     D:5: 1419 daAuts
     D:3: 939 daAuts
     D:2: 530 daAuts
    D:10: 279 daAuts
  Lair:1: 250 daAuts
  Temple: 44 daAuts
